 Dungeon Crawl Stone Soup version 0.17-a0-1949-g1acca9a (webtiles) character file.

171 Grim the Slasher (level 5, 0/36 HPs)
             Began as a High Elf Berserker on Oct 2, 2015.
             Was a Priest of Trog.
             Killed from afar by Ijyb (14 damage)
             ... with a wand of lightning
             ... on level 3 of the Dungeon.
             The game lasted 00:05:25 (2849 turns).

Grim the Slasher (High Elf Berserker)               Turns: 2849, Time: 00:05:26

Health: 0/36       AC: 11    Str: 17    XL:     5   Next: 26%
Magic:  6/6        EV: 10    Int: 11    God:    Trog [***...]
Gold:   108        SH:  0    Dex: 14    Spells: 0 memorised, 4 levels left

rFire  . . .     SeeInvis .     a - +0 falchion
rCold  + . .     Clarity  .     i - +4 scale mail {MR+}
rNeg   . . .     SustAt   .     (no shield)
rPois  .         Gourm    .     m - +0 helmet of the Evening {rC+} (curse)
rElec  .         Spirit   .     (no cloak)
rCorr  .         Warding  .     (no gloves)
rMut   +         Stasis   .     (no boots)
MR     +....                    g - amulet of resist mutation
Stlth  ..........               (no ring)
                                (no ring)

@: somewhat resistant to hostile enchantments, extremely unstealthy
A: no striking features
a: Burn Spellbooks, Berserk, Trog's Hand, Renounce Religion


You were on level 3 of the Dungeon.
You worshipped Trog.
Trog was most pleased with you.
You were not hungry.

You visited 1 branch of the dungeon, and saw 3 of its levels.

You collected 108 gold pieces.

Inventory:

Hand weapons
 a - a +0 falchion (weapon)
Armour
 i - a +4 scale mail of magic resistance (worn)
 m - the cursed +0 helmet of the Evening (worn) {rC+}
   (You took it off Robin on level 3 of the Dungeon)

   It protects you from cold.
   It has a curse placed upon it.
Jewellery
 g - an amulet of resist mutation (around neck)
Scrolls
 c - a scroll of teleportation {unknown}
 d - a scroll of remove curse {unknown}
 e - a scroll of noise {unknown}
 f - 4 scrolls of identify {unknown}
Potions
 j - a potion of magic {unknown}
 k - a potion of lignification {unknown}
 l - a potion of haste {unknown}
Comestibles
 b - 9 chunks of flesh
 h - a meat ration


   Skills:
 - Level 3.0 Fighting
 + Level 7.2 Long Blades
 - Level 1.7 Armour
 - Level 2.1 Dodging


You had 4 spell levels left.
You didn't know any spells.

Dungeon Overview and Level Annotations

Branches:
Dungeon (3/15)

Altars:
The Shining One

Annotations:
D:3 Ijyb


Message History

f - 3 scrolls labeled VIUFUY RACO (gained 1)
f - 4 scrolls labeled VIUFUY RACO (gained 1)
Found an escape hatch in the floor.
You now have 108 gold pieces (gained 16).
There is an escape hatch in the floor here.
Found a stone staircase leading down.
No target in view!
There is a stone staircase leading down here.
Ijyb the Twisted Goblin comes into view.
He is wielding a club.
Ijyb shouts!
Ijyb zaps a wand.
The bolt of lightning hits you!
Ouch! That really hurt!
* * * LOW HITPOINT WARNING * * *
It is a wand of lightning.
You are too injured to fight recklessly!
Some of the chunks of flesh in your inventory have rotted away.
You see here 7 arrows.
Ijyb zaps a wand.
The bolt of lightning misses you.
You open the door.
Ijyb zaps a wand.
The bolt of lightning hits you!
You die...

##.######## #..#
#........#.##### #..# #.g#
#........#...... ###.##
#..###.†).....#######
.....#####
#....................
)#.......#
#......#.....########
.#.......# #...(..#.....#
)#.......####......#.....#
)#..........#).....#.....#
)####.(####.#...@..#.....#
..........# #..#'#########
.#####.##.#.#..#.# .#
#.##.#.#..#.# .#
#..#.#.#..#.#
.######.#.#.#..#.######
#.........#.#..#.#....#
#######.###.#..#.#....# #
#..##.#..#.#.)..#


You could see Ijyb.

Vanquished Creatures
  Terence (D:2)
  An orc wizard (D:3)
  Robin (D:3)
  4 adders
  A giant gecko (D:2)
  6 orcs (D:3)
  5 giant cockroaches
  9 hobgoblins
  12 jackals
  2 kobolds (D:2)
  2 ball pythons
  7 bats
  2 giant newts
  12 goblins
  5 rats
70 creatures vanquished.

Notes
Turn   | Place    | Note
--------------------------------------------------------------
     0 | D:1      | Grim the High Elf Berserker began the quest for the Orb.
     0 | D:1      | Reached XP level 1. HP: 16/16 MP: 2/2
    73 | D:1      | Reached skill level 4 in Long Blades
   366 | D:1      | Reached XP level 2. HP: 18/21 MP: 3/3
  1135 | D:2      | Reached skill level 5 in Long Blades
  1135 | D:2      | Reached XP level 3. HP: 26/26 MP: 4/4
  1138 | D:2      | Acquired Trog's second power
  1365 | D:2      | Noticed Terence
  1381 | D:2      | Killed Terence
  1381 | D:2      | Reached XP level 4. HP: 18/31 MP: 5/5
  1581 | D:2      | Reached skill level 6 in Long Blades
  2374 | D:3      | Reached XP level 5. HP: 30/36 MP: 6/6
  2475 | D:3      | Reached skill level 7 in Long Blades
  2620 | D:3      | Noticed Robin
  2633 | D:3      | Killed Robin
  2661 | D:3      | Got a spiked helmet
  2667 | D:3      | Identified the cursed +0 helmet of the Evening {rC+} (You took it off Robin on level 3 of the Dungeon)
  2727 | D:3      | Found a glowing golden altar of the Shining One.
  2810 | D:3      | Noticed Ijyb
  2849 | D:3      | Killed from afar by Ijyb

Vault maps used:
D:1:      minmay_arrival_four_circles
D:2:      uniq_terence
D:3:      nicolae_dithmenos_through_a_glass_darkly, overflow_temple_1_default,
          uniq_iyjb, uniq_robin

Action                   |  1- 3 |  4- 6 || total
-------------------------+-------+-------++-------
Melee: Falchion          |    82 |   159 ||   241
Invok: Berserk           |     2 |     1 ||     3
 Stab: Sleeping          |     2 |       ||     2
  Eat: Chunk             |     2 |     3 ||     5
       Bread ration      |       |     1 ||     1
